Map: World of Sleepers LE

Players

Mez

  • Race: Terran Terran
  • League: Master
  • Spawn Location: 1:00

A.I. 1 (Very Easy) - Winner!

  • Race: Zerg Zerg
  • Spawn Location: 7:00

VOD

Have the link to the VOD?

Description

Time

  • Played on: Aug. 26, 2019, 9:56 p.m.
  • Length: 18:36
Show
View Real Time Build Order
Export as new Build Order

Mez Terran 

Build Orders: Gas First Reaper Expand 

Get SALT Encoding   

  12  0:00  SCV  
  13  0:13  SCV  
  14  0:18  Supply Depot  
  14  0:25  SCV  
  14  0:27  Refinery  
  15  0:40  SCV  
  16  0:45  Barracks  
  16  0:52  SCV  
  17  1:04  SCV  
  18  1:17  SCV  
  19  1:33  Orbital Command, Reaper  
  20  1:46  Command Center  
  20  1:56  Supply Depot  
  20  2:01  SCV  
  21  2:05  Reaper  
  22  2:25  SCV  
  23  2:32  Barracks  
  23  2:37  Reaper  
  24  7:32  Supply Depot  
  24  7:33  Bunker, Supply Depot  
  24  7:34  Supply Depot  
  24  7:47  Supply Depot  
  24  7:57  Supply Depot  
  24  8:00  Command Center  
  24  8:04  Reaper  
  24  8:25  Supply Depot  
  24  8:36  Reaper  
  25  8:44  Orbital Command  
  25  8:48  Reaper  
  26  9:01  Command Center, Supply Depot  
  26  9:05  Supply Depot  
  26  9:07  Supply Depot  
  26  9:08  Reaper  
Show
View Real Time Build Order
Export as new Build Order

A.I. 1 (Very Easy) Zerg - Winner!

Build Orders: Pool First 

Get SALT Encoding   

  12  0:01  Drone  
  13  0:12  Overlord  
  13  0:16  Drone  
  14  0:35  Spawning Pool  
  13  0:36  Extractor  
  13  0:39  Drone  
  13  0:46  Drone  
  14  0:51  Overlord  
  14  1:22  Zergling x2, Queen  
  17  1:29  Roach Warren  
  16  1:33  Drone  
  16  1:36  Extractor  
  16  1:41  Drone  
  17  1:50  Zergling x2  
  18  2:00  Drone  
  19  2:07  Drone  
  20  2:15  Drone  
  20  2:19  Zergling x2  
  22  2:26  Overlord  
  22  2:29  Drone  
  23  2:36  Drone  
  24  2:44  Drone  
  25  2:48  Roach  
  27  6:39  Zergling x2  
  27  7:27  Drone  
  27  7:28  Lair, Roach, Overlord  
  30  7:34  Drone  
  30  7:35  Hatchery  
  30  7:41  Drone  
  31  7:49  Drone  
  32  8:06  Roach  
  29  8:28  Overseer x2  
  29  8:45  Zergling x2  
  30  8:48  Drone  
  31  8:56  Drone  
  31  8:59  Extractor  
  31  9:03  Extractor, Drone  
  31  9:10  Drone  
  32  9:17  Drone  
  32  9:23  Roach  
  35  9:24  Drone  
  36  9:31  Drone  
  37  9:39  Drone  
  38  9:46  Drone  
  39  9:53  Drone  
  40  10:00  Drone  
  41  10:07  Drone  
  42  10:14  Drone  
  43  10:22  Drone  
  44  10:29  Drone  
  44  10:30  Overlord  
  45  10:36  Drone  
  46  10:43  Drone  
  47  10:50  Drone  
  48  10:57  Drone  
  49  13:10  Pneumatized Carapace  
  49  13:11  Overseer  
  49  13:13  Overlord x2, Hydralisk Den  
  49  13:14  Drone  
  49  13:39  Zergling x2  
  49  14:00  Hydralisk  
  51  14:22  Hydralisk  
  53  15:28  Hatchery  
  50  16:41  Drone  
  51  16:57  Extractor  
  51  16:58  Drone  
  51  17:00  Extractor  
  50  17:05  Drone  
  51  17:36  Zergling x2  
  53  17:44  Zergling x2  
  53  17:47  Spire  
  53  17:48  Drone  
  53  17:52  Zergling x2  
Tags
 
Add a new tag
Caveats
  • Supply blocks, unpowered buildings, or Contaminate may cause inaccurate times.
  • Supply counts are checked every 10 seconds.